 Dungeon Sprint DCSS version 0.21.1-1-g345015f (webtiles) character file.

1800000 Fang the Axe Maniac (level 16, 0/182 HPs)
             Began as a Minotaur Gladiator on June 23, 2018.
             Was a Priest of Makhleb.
             Slain by a meat berserker
             ... wielding a +9 battleaxe
              (66 damage)
             ... in the Dungeon (Sprint VIII: "Arena of Blood").
             The game lasted 00:00:17 (18 turns).

Fang the Axe Maniac (Minotaur Gladiator)              Turns: 18, Time: 00:00:17

Health: 0/182      AC:  3    Str: 25    XL:     16   Next: 26%
Magic:  15/15      EV: 29    Int:  5    God:    Makhleb [***...]
Gold:   0          SH:  0    Dex: 13    Spells: 15/15 levels left

rFire    . . .     SeeInvis .   l - +∞ Axe of Woe
rCold    . . .     Gourm    .   (shield currently unavailable)
rNeg     . . .     Faith    .   b - +0 leather armour
rPois    .         Spirit   .   c - +0 hat
rElec    .         Reflect  .   (no cloak)
rCorr    .         Harm     .   (no gloves)
MR       +....     NoTele   +   (no boots)
Stlth    +.........             (no amulet)
HPRegen  0.40/turn              (no ring)
MPRegen  0.14/turn              (no ring)

@: no status effects
A: retaliatory headbutt, horns 2
a: Minor Destruction, Lesser Servant of Makhleb, Renounce Religion


You were in the Dungeon.
You worshipped Makhleb.
Makhleb was most pleased with you.
You were not hungry.

You visited 1 branch

Inventory:

Hand Weapons
 a - a +0 war axe
 l - the +∞ Axe of Woe (weapon)
   (You found it in the Dungeon)
Missiles
 d - 3 throwing nets (quivered)
Armour
 b - a +0 leather armour (worn)
 c - a +0 hat (worn)
Scrolls
 k - a scroll of blinking
Potions
 e - a potion of curing
 g - a potion of heal wounds
 h - a potion of haste
 i - 2 potions of magic
 j - a potion of berserk rage
Comestibles
 f - a ration


   Skills:
 + Level 26.5 Fighting
 O Level 27 Axes
 + Level 21.6 Throwing
 + Level 6.0 Armour
 O Level 27 Dodging


You had 15 spell levels left.
You didn't know any spells.

Dungeon Overview and Level Annotations

Branches:
Dungeon (1/1)

Altars:
Makhleb


Innate Abilities, Weirdness & Mutations

You reflexively headbutt those who attack you in melee.
You have a pair of horns on your head.


Message History

You hew the bag of meat savagely.
You kill the bag of meat!
Makhleb accepts your kill.
You can now summon a lesser servant of Makhleb.
Your Fighting skill gained 2 levels and is now at level 26!
Your Throwing skill increases to level 21!
Your Armour skill increases to level 6!
You have reached level 16!
You feel stronger.
You hear a shout! x7
A bag of meat comes into view.
It is wielding a +9 war axe. 5 orcs and a two-headed ogre come into view.
The large bag of meat shouts in stereo!
The bag of meat shouts! x5
You hear a shout!
The meat berserker hits you with a +9 battleaxe!!!
You hear a shout! x7
The meat berserker hits you with a +9 battleaxe!!
You hear a shout!
The meat berserker hits you with a +9 battleaxe!!!
You die...

........#.#....
....o..O.....Ooo
.............oo.
#..........oo...
..........oo...
.......o.Oo....
#...oO..# ..
#..)@O..#
...###...)...###.
.......)###......
#......))_.......
......#))...#....
....o.#o.<._#....
......#.....# .o.
#........_.......
........###......


You could see a large bag of meat (inner flame), 4 meat berserkers and 14 bags
of meat.

Vanquished Creatures
  An ogre (D)
  7 orcs (D)
8 creatures vanquished.

Notes
Turn   | Place    | Note
-------+----------+-------------------------------------------
     0 | D        | Found the +∞ Axe of Woe
     0 | D        | Fang the Minotaur Gladiator began the quest for the Orb.
     0 | D        | Reached XP level 1. HP: 18/18 MP: 0/0
     4 | D        | Noticed a bag of meat
     4 | D        | Became a worshipper of Makhleb the Destroyer
     5 | D        | Noticed a bag of meat
     6 | D        | Noticed a bag of meat
     7 | D        | Noticed a bag of meat
     8 | D        | Noticed a bag of meat
     8 | D        | Noticed a bag of meat
     8 | D        | Killed a bag of meat
     8 | D        | Reached skill level 10 in Throwing
     8 | D        | Reached XP level 2. HP: 41/41 MP: 1/1
     8 | D        | Reached XP level 3. HP: 48/48 MP: 2/2
     8 | D        | Reached XP level 4. HP: 56/56 MP: 3/3
     8 | D        | Reached XP level 5. HP: 62/62 MP: 4/4
     8 | D        | Reached XP level 6. HP: 70/70 MP: 5/5
     8 | D        | Reached XP level 7. HP: 77/77 MP: 6/6
     8 | D        | Reached XP level 8. HP: 83/83 MP: 7/7
     8 | D        | Reached XP level 9. HP: 90/90 MP: 8/8
     8 | D        | Reached XP level 10. HP: 97/97 MP: 9/9
     8 | D        | Reached XP level 11. HP: 104/104 MP: 10/10
     9 | D        | Noticed a meat berserker
     9 | D        | Killed a bag of meat
     9 | D        | Reached * piety under Makhleb
     9 | D        | Reached XP level 12. HP: 77/116 MP: 11/11
    10 | D        | Noticed a bag of meat
    11 | D        | Noticed a bag of meat
    11 | D        | Noticed a bag of meat
    11 | D        | Noticed a bag of meat
    11 | D        | Killed a bag of meat
    11 | D        | Reached skill level 15 in Fighting
    11 | D        | Reached XP level 13. HP: 114/126 MP: 12/12
    12 | D        | Killed a bag of meat
    12 | D        | Reached skill level 27 in Axes
    12 | D        | Reached XP level 14. HP: 124/137 MP: 13/13
    12 | D        | Killed a meat berserker
    12 | D        | Reached ** piety under Makhleb
    12 | D        | Reached skill level 27 in Dodging
    12 | D        | Reached XP level 15. HP: 140/155 MP: 14/14
    15 | D        | Noticed a meat berserker
    15 | D        | Noticed a meat berserker
    15 | D        | Reached skill level 5 in Armour
    16 | D        | Noticed a meat berserker
    16 | D        | Noticed a meat berserker
    17 | D        | Reached *** piety under Makhleb
    17 | D        | Reached XP level 16. HP: 136/182 MP: 15/15
    18 | D        | Noticed a large bag of meat
    18 | D        | Slain by a meat berserker

Skill      XL: |  1  2  3  4  5  6  7  8  9 10 11 12 13 14 15 |
---------------+----------------------------------------------+-----
Fighting       | 12 13 15 16 20 26 | 26.5
Axes           | 20 23 25 27 | 27.0
Throwing       | 10 11 12 13 16 21 | 21.6
Dodging        | 18 21 22 24 27 | 27.0
Armour         | 2 6 |  6.0

Action                   |  1- 3 |  4- 6 |  7- 9 | 10-12 | 13-15 | 16-18 || total
-------------------------+-------+-------+-------+-------+-------+-------++-------
Melee: Executioner's axe |     1 |       |       |     2 |     3 |       ||     6
Dodge: Dodged            |       |       |       |       |     1 |       ||     1
